Map: Dreamcatcher LE

Players

soul

  • Race: Terran Terran
  • Spawn Location: 11:00

Reynor - Winner!

  • Race: Zerg Zerg
  • Spawn Location: 5:00

Event: WCS Montreal 2018

VOD

Have the link to the VOD?

Description

Time

  • Played on: Sept. 7, 2018, 12:29 p.m.
  • Length: 10:05

All games in this series

Show
View Real Time Build Order
Export as new Build Order

soul Terran 

Build Orders: Hellion Opening, MMM Bio 

Get SALT Encoding   

  12  0:00  SCV  
  13  0:13  SCV  
  14  0:17  Supply Depot  
  14  0:25  SCV  
  15  0:39  SCV  
  15  0:40  Barracks  
  16  0:43  Refinery  
  16  0:51  SCV  
  17  1:03  SCV  
  18  1:15  SCV  
  19  1:27  Orbital Command  
  19  1:31  Marine  
  20  1:40  Command Center  
  20  1:49  Reaper  
  20  1:53  SCV, Supply Depot  
  22  2:05  SCV  
  23  2:10  Factory  
  23  2:17  SCV  
  23  2:18  Refinery  
  24  2:24  Barracks Reactor  
  24  2:29  SCV  
  25  2:41  SCV  
  25  2:53  SCV, Orbital Command  
  25  2:54  Starport  
  26  3:05  Hellion x2, SCV  
  31  3:13  Barracks Tech Lab  
  31  3:17  Supply Depot  
  31  3:18  SCV x2  
  33  3:27  Hellion  
  35  3:30  SCV x2  
  36  3:34  Medivac  
  36  3:36  Hellion  
  40  3:42  SCV x2  
  42  3:49  Hellion  
  42  3:54  SCV  
  42  3:55  SCV  
  46  3:57  Hellion  
  46  4:01  Supply Depot  
  48  4:06  SCV  
  48  4:07  SCV  
  53  4:16  Armory  
  53  4:18  SCV  
  53  4:23  Hellion x2  
  55  4:25  SCV, Supply Depot  
  55  4:30  Liberator, SCV  
  57  4:32  Marine  
  58  4:40  SCV  
  58  4:41  Command Center  
  58  4:42  SCV  
  60  4:49  Stimpack  
  64  4:54  Factory Reactor  
  64  4:57  SCV, Barracks  
  64  4:59  SCV, Barracks  
  61  5:09  SCV  
  61  5:14  SCV  
  57  5:15  Marine  
  57  5:19  Refinery  
  57  5:21  Engineering Bay, SCV, Refinery  
  50  5:22  Engineering Bay  
  50  5:26  SCV  
  52  5:33  SCV, Marine  
  54  5:36  Supply Depot  
  54  5:37  Factory Reactor  
  54  5:38  SCV  
  55  5:45  SCV  
  56  5:50  SCV, Marine x2  
  56  5:51  Marine  
  56  5:54  Orbital Command  
  56  5:56  Marine x2  
  62  5:58  SCV  
  62  5:59  Terran Infantry Armor Level 1  
  62  6:02  SCV  
  64  6:08  Marine x2  
  64  6:09  Marine  
  64  6:10  SCV  
  68  6:14  SCV  
  69  6:20  Factory Tech Lab  
  69  6:22  SCV, Barracks x2, Marine x2  
  69  6:24  Supply Depot  
  69  6:25  Supply Depot  
  72  6:26  SCV, Terran Infantry Weapons Level 1, Marine x2  
  72  6:27  Marine  
  76  6:34  SCV  
  76  6:36  Medivac  
  76  6:37  Medivac  
  76  6:38  SCV  
  82  6:40  Marine x2  
  82  6:44  Marine  
  82  6:45  Siege Tank  
  88  6:49  Marine  
  88  6:50  Combat Shields  
  88  6:51  Supply Depot  
  88  6:52  Marine, Supply Depot  
  90  6:57  Marine  
  90  6:58  Marine  
  81  7:01  Marine  
  81  7:06  Medivac, Marine  
  81  7:07  Medivac  
  81  7:08  SCV x2  
  85  7:10  Marine  
  85  7:11  Barracks Reactor  
  85  7:13  Barracks Reactor  
  86  7:15  Marine  
  86  7:16  Marine  
  86  7:19  Marine  
  86  7:20  SCV  
  90  7:24  Marine  
  90  7:28  Marine  
  92  7:31  SCV  
  92  7:32  SCV  
  92  7:33  Marine  
  92  7:34  Marine  
  92  7:36  Medivac  
  98  7:37  Marine  
  98  7:39  Orbital Command  
  98  7:40  Medivac  
  98  7:42  Marine  
  98  7:43  SCV  
  103  7:45  Marine  
  103  7:51  Marine x3  
  102  7:52  Marine  
  102  7:55  Marine  
  102  7:56  Marine  
  102  7:57  Siege Tank  
  109  8:00  Marine  
  109  8:03  Marine x2  
  109  8:05  SCV  
  113  8:09  Marine x3  
  116  8:16  Marine  
  116  8:19  Supply Depot x2  
  117  8:40  Medivac x2, Marine x4  
  117  8:41  Siege Tank, Marine x5  
  133  8:42  Factory, Refinery x2  
  129  8:48  SCV  
  129  8:49  SCV  
  129  8:51  SCV  
  129  8:58  Marine x4  
  129  9:02  Supply Depot  
  133  9:08  Marine x2  
  133  9:09  Marine x2  
  133  9:11  Marine  
  133  9:16  Marine x2  
  133  9:18  Supply Depot  
  133  9:21  SCV  
  133  9:23  Marine x2  
  133  9:24  SCV x2, Siege Tank  
  140  9:26  Command Center, Supply Depot  
  140  9:28  Factory Tech Lab  
  140  9:30  Marine  
  141  9:39  Marine x6  
  141  9:41  Marine x2  
  145  9:52  Command Center  
Show
View Real Time Build Order
Export as new Build Order

Reynor Zerg - Winner!

Build Orders: Hatch First 

Get SALT Encoding   

  12  0:00  Drone  
  13  0:12  Overlord  
  13  0:16  Drone  
  14  0:30  Drone x2  
  14  0:34  Drone  
  17  0:52  Hatchery  
  17  0:54  Drone  
  17  0:57  Drone  
  18  1:08  Extractor  
  17  1:12  Spawning Pool  
  17  1:15  Drone  
  17  1:19  Drone  
  18  1:28  Drone  
  19  1:38  Overlord  
  19  1:49  Drone  
  20  1:59  Queen  
  20  2:00  Zergling x2  
  23  2:03  Zergling x2  
  23  2:04  Queen  
  26  2:09  Metabolic Boost  
  26  2:10  Drone  
  27  2:17  Drone  
  27  2:21  Drone  
  29  2:33  Hatchery  
  29  2:35  Drone  
  29  2:37  Drone  
  29  2:43  Overlord  
  30  2:49  Drone x2  
  32  2:54  Queen  
  32  2:57  Drone  
  35  3:00  Drone  
  35  3:05  Drone  
  37  3:10  Drone x2  
  39  3:13  Queen  
  39  3:17  Overlord  
  39  3:19  Drone  
  42  3:21  Drone  
  42  3:23  Drone  
  44  3:32  Overlord  
  42  3:35  Drone  
  42  3:38  Queen  
  42  3:40  Zergling x2  
  46  3:42  Zergling x2  
  46  3:43  Zergling x6  
  46  3:48  Queen  
  52  3:50  Drone  
  52  3:52  Drone  
  52  3:54  Drone  
  56  3:55  Drone  
  56  4:01  Zergling x2  
  57  4:03  Lair  
  57  4:06  Overlord  
  57  4:07  Drone  
  58  4:14  Zergling x4  
  58  4:16  Drone x3  
  63  4:19  Drone  
  63  4:20  Spore Crawler  
  63  4:23  Overlord  
  63  4:24  Drone x2  
  63  4:26  Drone  
  64  4:37  Drone x5  
  65  4:41  Zergling x4  
  67  4:48  Drone, Evolution Chamber  
  67  4:49  Extractor, Evolution Chamber  
  67  4:50  Drone  
  67  4:51  Drone  
  67  4:55  Drone x2  
  67  4:56  Drone  
  67  4:58  Extractor, Zergling x2  
  70  5:01  Overlord  
  70  5:06  Zergling x4  
  72  5:12  Drone x5  
  74  5:18  Drone x2  
  74  5:20  Zerg Ground Armor Level 1, Zerg Melee Weapons Level 1  
  74  5:22  Drone  
  74  5:24  Drone x2  
  77  5:28  Baneling Nest  
  77  5:29  Drone  
  77  5:31  Drone  
  77  5:32  Drone  
  77  5:34  Drone x2  
  81  5:36  Drone  
  81  5:40  Overlord  
  81  5:42  Extractor, Drone  
  81  5:51  Overlord  
  81  6:01  Drone x3  
  84  6:04  Extractor  
  84  6:05  Drone  
  84  6:06  Zergling x12  
  84  6:11  Centrifical Hooks, Hydralisk Den  
  90  6:12  Drone x2  
  90  6:16  Zergling x4, Hatchery  
  92  6:20  Zergling x6  
  92  6:24  Overlord  
  95  6:26  Zergling x6  
  95  6:30  Overlord  
  98  6:35  Overlord  
  98  6:40  Overlord  
  98  6:42  Zergling x10  
  103  6:47  Muscular Augments  
  103  6:50  Overlord  
  103  6:53  Zergling x14  
  102  7:01  Zergling x4  
  102  7:04  Zergling x2  
  102  7:07  Baneling x5  
  101  7:10  Drone  
  101  7:11  Drone x3  
  101  7:12  Drone  
  101  7:14  Hatchery  
  101  7:15  Zergling x2  
  106  7:17  Hydralisk x3  
  106  7:22  Drone, Zerg Ground Armor Level 2  
  113  7:23  Zerg Melee Weapons Level 2  
  113  7:27  Hydralisk  
  112  7:32  Hydralisk x2  
  114  7:39  Hydralisk x4  
  121  7:45  Drone x6  
  123  7:57  Hydralisk x5  
  129  7:59  Zergling x6  
  129  8:04  Grooved Spines  
  130  8:05  Hydralisk x2  
  130  8:06  Zergling x2  
  130  8:09  Overlord  
  130  8:11  Overlord  
  135  8:17  Overlord x2  
  135  8:20  Overlord  
  135  8:26  Infestation Pit, Zergling x14  
  141  8:30  Zergling x4  
  141  8:31  Zergling x8  
  146  8:40  Hydralisk  
  146  8:41  Zergling x12  
  145  8:58  Zergling x26  
  145  9:00  Baneling x11  
  156  9:09  Hydralisk x2, Zergling x2  
  156  9:10  Zergling x6  
  157  9:22  Baneling x3  
  157  9:23  Hatchery  
  156  9:25  Drone x4  
  156  9:26  Drone, Spore Crawler  
  156  9:28  Zergling x10  
  156  9:29  Zergling x2  
  162  9:42  Zergling x8  
Tags
 
Add a new tag
Caveats
  • Supply blocks, unpowered buildings, or Contaminate may cause inaccurate times.
  • Supply counts are checked every 10 seconds.